 Dungeon Crawl Stone Soup version 0.27.1-35-g4d5d836560 (webtiles) character file.

Game seed: 10380951036654669327

39 cbfl8 the Sneak (level 3, -3/33 HPs)
             Began as a Minotaur Delver on Apr 16, 2022.
             Was an Initiate of Yredelemnul.
             Killed from afar by a white imp (6 damage)
             ... with a puff of frost
             ... on level 5 of the Dungeon.
             The game lasted 00:03:13 (597 turns).

cbfl8 the Sneak (Minotaur Delver)                    Turns: 597, Time: 00:03:14

Health: -3/33      AC:  5    Str: 17    XL:     3   Next: 26%
Magic:  2/2        EV: 11    Int: 13    God:    Yredelemnul [......]
Gold:   31         SH:  0    Dex: 11    Spells: 2/2 levels left

rFire    x . .     SeeInvis .   k - +5 halberd of Extremism {venom, rF- rN+ rCorr Int+6}
rCold    . . .     Faith    .   (shield currently unavailable)
rNeg     + . .     Spirit   .   j - +0 ring mail
rPois    .         Reflect  .   (helmet restricted)
rElec    .         Harm     .   (no cloak)
rCorr    +         Rampage  .   (no gloves)
Will     .....                  (no boots)
Stlth    ++........             (no amulet)
HPRegen  0.11/turn              (no ring)
MPRegen  0.08/turn              (no ring)

@: no status effects
A: horns 2, retaliatory headbutt
a: Renounce Religion


You were on level 5 of the Dungeon.
You worshipped Yredelemnul.
Yredelemnul was noncommittal.
You visited 2 branches of the dungeon, and saw 3 of its levels.

You collected 31 gold pieces.

Inventory:

Hand Weapons
 a - a +0 falchion
 k - the +5 halberd of Extremism (weapon) {venom, rF- rN+ rCorr Int+6}
   (You found it on level 6 of the Dungeon)

   It poisons the flesh of those it strikes.
   Int:       It affects your intelligence (+6).
   rF:        It makes you vulnerable to fire.
   rN:        It protects you from negative energy.
   rCorr:     It protects you from acid and corrosion.
Armour
 b - a +0 leather armour
 h - a +0 buckler
 j - a +0 ring mail (worn)
Wands
 g - a wand of digging (3)
Scrolls
 c - a scroll of fog
 d - a scroll of noise {unknown}
 e - a scroll of fear
 i - a scroll of identify {unknown}
 l - a scroll of immolation {unknown}
Potions
 f - a potion of haste


   Skills:
 + Level 3.8 Fighting
 + Level 2.4 Long Blades
 + Level 0.1 Polearms
 + Level 0.5 Armour
 + Level 2.3 Dodging
 + Level 4.8 Stealth


You had 2 spell levels left.
You didn't know any spells.
Your spell library was empty.

Dungeon Overview and Level Annotations

Branches:
Dungeon (6/15)             Temple (1/1) D:6

Altars:
Ashenzari
Cheibriados
Dithmenos
Fedhas
Hepliaklqana
Makhleb
Nemelex Xobeh
Okawaru
Qazlal
Ru
Sif Muna
Trog
Uskayaw
Vehumet
Wu Jian
Yredelemnul
The Shining One


Innate Abilities, Weirdness & Mutations

You have a pair of horns on your head.
You reflexively headbutt those who attack you in melee.


Message History

The hound is almost dead.
The hound barely misses you. The hound closely misses you.
The hound bites you but does no damage.
You barely miss the hound.
You headbutt the hound, but do no damage.
The hound is almost dead.
The hound bites you. x2
You barely miss the hound.
The hound is almost dead.
The hound misses you. The hound bites you but does no damage.
You hit the hound.
You kill the hound!
Yredelemnul accepts your kill. The hound zombie bites you.
* * * LOW HITPOINT WARNING * * *
You have reached level 3!
Your experience leads to an increase in your attributes!
Your base attributes are Str 16, Int 7, Dex 11.
Increase (S)trength, (I)ntelligence, or (D)exterity?
You feel stronger.
You hit the hound zombie. You headbutt the hound zombie!
The hound zombie is heavily damaged.
The hound zombie closely misses you.
The hound zombie bites you but does no damage.
A white imp comes into view.
You barely miss the hound zombie.
The hound zombie is heavily damaged.
The hound zombie closely misses you.
The hound zombie bites you but does no damage.
You slash the hound zombie!
You destroy the hound zombie!
Yredelemnul accepts your kill.
The white imp shouts, "Relinquish hope, thou droning doghearted bull-brain!"
The white imp gestures at you. The puff of frost hits you.
* * * LOW HITPOINT WARNING * * *
The white imp gestures at you. The puff of frost hits you.
You die...
Your body rises from the dead as a mindless zombie.

,,,,,,,**** *,****###*,,,,....#
,,,,**,,,,*****,,,,,...######....
,,,,**,,,.,,,,,,**####...........
**,***,,,..,,,,,,,,...#.....[....
*,***,,,.5.,,,,****#............
*,,**,,,..#.,,** *#...........
**,,,,**#....,* ###..........
*,,,,,,,#.....######............
*,,,,,*,*,#....@....>#..........
*,,,,,*,#.....###...........####
*,,,,,*,<....,*###.###......###.
**,,,,*,,....,,*#...####.###.....
*,,,,**,*###,,<*#.#.>###.####....
*,,,,,,,* *,,,*#......#.##....#.
*,,,,**** *,#..............##...
*,,,,* *,##.#......#.......##
,,,,** *,*#.#....h....###..#


You could see a white imp.

Vanquished Creatures
  A hound (D:5)
  A hound zombie (D:5)
  An adder (D:5)
3 creatures vanquished.

Notes
Turn   | Place    | Note
-------+----------+-------------------------------------------
     0 | D:5      | cbfl8 the Minotaur Delver began the quest for the Orb.
     0 | D:5      | Reached XP level 1. HP: 19/19 MP: 0/0
     8 | D:5      | Noticed a hound
    25 | D:5      | Reached XP level 2. HP: 20/27 MP: 1/1
   237 | D:5      | Found a glowing golden altar of the Shining One.
   277 | D:6      | Noticed a scorpion
   290 | D:6      | Found a staircase to the Ecumenical Temple.
   291 | D:6      | Noticed a centaur
   308 | Temple   | Entered the Ecumenical Temple
   383 | Temple   | Became a worshipper of Yredelemnul the Dark
   484 | D:6      | Identified the +5 halberd of Extremism {venom, rF- rN+
                  | rCorr Int+6}
   595 | D:5      | Reached XP level 3. HP: 7/33 MP: 2/2
   597 | D:5      | Killed from afar by a white imp

Illustrated notes

Levels and vault maps discovered:
D:5:      layout_rooms, tso_altar
D:6:      layout_loops_cross, pdpol_temple_overflow_zin_treasury_gozag_greed,
          minmay_temple_entry_ruins
Temple:   compressed_dpeg_circular_temple

Action                   || total
-------------------------++-------
Melee: Falchion          ||     4
       Headbutt          ||     5
       Halberd           ||    12
  Use: Scroll            ||     1
Armor: Leather armour    ||     1
       Ring mail         ||     7
Dodge: Dodged            ||    13
       Rpst.: Falchion   ||     1
